TOP OF THE 1ST |
West Virginia Mountaineers batting - Pitching for Arizona State Sun Devils : RHP Kevin Warren
|
Pitching: RHP Kevin Warren
|
|
Batting: RHB Víctor León
|
0-0: Ball 1-0: Reached on error, E5 (Groundball, 56S)
|
Batting: LHB Paco Córdova
|
0-0: Ball 1-0: Ball 2-0: Called Strike 2-1: Fly out, F2 (Popup, 5SF)
|
Batting: RHB José Vázquez
|
0-0: Ball 1-0: Ball 2-0: Called Strike 2-1: Foul Ball, location: 2F 2-2: Foul Ball, location: 2F 2-2: SINGLE (Flyball, 78S) Víctor León to second
|
Batting: RHB Gary Stephenson
|
0-0: 3-RUN HOME RUN (Flyball, 7D), Distance : 359 ft
|
Batting: RHB Howard Gould
|
0-0: Called Strike 0-1: Called Strike 0-2: Ground out 6-3 (Groundball, 6)
|
Batting: RHB Greg Smith
|
0-0: Ball 1-0: Ball 2-0: Ball 3-0: Base on Balls
|
Batting: SHB Jonathan Woodard
|
0-0: Called Strike 0-1: Ball 1-1: Swinging Strike 1-2: Ball 2-2: Fly out, F6 (Popup, 5DF)
|
Top of the 1st over - 3 run(s), 2 hit(s), 1 error(s), 1 left on base; West Virginia 3 - Arizona State 0 |
BOTTOM OF THE 1ST |
Arizona State Sun Devils batting - Pitching for West Virginia Mountaineers : RHP Jim Rawnsley
|
Pitching: RHP Jim Rawnsley
|
|
Batting: RHB Matt Tucker
|
0-0: Ball 1-0: Ball 2-0: Swinging Strike 2-1: Ball 3-1: Called Strike 3-2: Foul Ball, location: 2F 3-2: Base on Balls
|
Batting: LHB Millard Adams
|
0-0: Ball 1-0: Ball Matt Tucker steals 2nd base 2-0: Called Strike 2-1: Foul Ball, location: 2F 2-2: Strikes out swinging
|
Batting: RHB Cory Hester
|
0-0: Ball 1-0: Foul Ball, location: 2F 1-1: Called Strike 1-2: Foul Ball, location: 2F 1-2: Ball 2-2: Foul Ball, location: 2F 2-2: Foul Ball, location: 2F 2-2: Strikes out swinging
|
Batting: RHB Edmund Swanson
|
0-0: Fly out, F7 (Flyball, 78M)
|
Bottom of the 1st over - 0 run(s), 0 hit(s), 0 error(s), 1 left on base; West Virginia 3 - Arizona State 0 |
TOP OF THE 2ND |
West Virginia Mountaineers batting - Pitching for Arizona State Sun Devils : RHP Kevin Warren
|
Batting: RHB Jim Williams
|
0-0: Ball 1-0: Ball 2-0: Called Strike 2-1: Ball 3-1: Called Strike 3-2: Foul Ball, location: 2F 3-2: Foul Ball, location: 2F 3-2: Strikes out swinging
|
Batting: RHB Alfonso Flores
|
0-0: Called Strike 0-1: Ball 1-1: Ball 2-1: Foul Ball, location: 2F 2-2: Foul Ball, location: 2F 2-2: Foul Ball, location: 2F 2-2: Ball 3-2: Base on Balls
|
Batting: RHB Víctor León
|
0-0: SINGLE (Groundball, 56D) Alfonso Flores to second
|
Batting: LHB Paco Córdova
|
0-0: Ball 1-0: Ball 2-0: Ball 3-0: Called Strike 3-1: Base on Balls Alfonso Flores to third Víctor León to second
|
Batting: RHB José Vázquez
|
0-0: Called Strike 0-1: Ball 1-1: Called Strike 1-2: Strikes out swinging
|
Batting: RHB Gary Stephenson
|
0-0: Ball 1-0: Ball 2-0: SINGLE (Groundball, 4MD) Alfonso Flores scores Víctor León to third Paco Córdova to second Runner from 3rd tries for Home, SAFE, no throw or cutoff
|
Batting: RHB Howard Gould
|
0-0: Called Strike 0-1: Ball 1-1: Swinging Strike 1-2: Ball 2-2: Strikes out swinging
|
Top of the 2nd over - 2 run(s), 2 hit(s), 0 error(s), 2 left on base; West Virginia 5 - Arizona State 0 |
BOTTOM OF THE 2ND |
Arizona State Sun Devils batting - Pitching for West Virginia Mountaineers : RHP Jim Rawnsley
|
Batting: RHB Roger Rush
|
0-0: Called Strike 0-1: Foul Ball, location: 2F 0-2: Strikes out swinging
|
Batting: RHB Ryan Conway
|
0-0: Called Strike 0-1: Ball 1-1: Called Strike 1-2: SINGLE (Line Drive, 6MD)
|
Batting: RHB Carlos García
|
0-0: Foul Ball, location: 2F 0-1: Ball 1-1: Ball 2-1: Ball 3-1: Foul Ball, location: 2F 3-2: Base on Balls Ryan Conway to second
|
Batting: SHB Leonardo González
|
0-0: Fly out, F5 (Popup, 5F)
|
Batting: RHB Bob Bennett
|
0-0: Foul Ball, location: 2F 0-1: Fly out, F9 (Flyball, 9LMF)
|
Bottom of the 2nd over - 0 run(s), 1 hit(s), 0 error(s), 2 left on base; West Virginia 5 - Arizona State 0 |
TOP OF THE 3RD |
West Virginia Mountaineers batting - Pitching for Arizona State Sun Devils : RHP Kevin Warren
|
Batting: RHB Greg Smith
|
0-0: Called Strike 0-1: Ball 1-1: Ball 2-1: Ball 3-1: Base on Balls
|
Batting: SHB Jonathan Woodard
|
0-0: Called Strike 0-1: Swinging Strike 0-2: Ball Passed Ball! Greg Smith to second 1-2: Strikes out swinging
|
Batting: RHB Jim Williams
|
0-0: Ball 1-0: Ball 2-0: Called Strike 2-1: Ball 3-1: Base on Balls
|
Batting: RHB Alfonso Flores
|
0-0: Ball 1-0: Ball 2-0: 3-RUN HOME RUN (Flyball, 7LD), Distance : 312 ft
|
Pitching: RHP Jeffery Dillon
|
|
Batting: RHB Víctor León
|
0-0: Ball 1-0: Ball 2-0: Called Strike 2-1: Ground out 5-3 (Groundball, 15S)
|
Batting: LHB Paco Córdova
|
0-0: Ball 1-0: Ball 2-0: Foul Ball, location: 2F 2-1: Ground out 3-1 (Groundball, 34)
|
Top of the 3rd over - 3 run(s), 1 hit(s), 0 error(s), 0 left on base; West Virginia 8 - Arizona State 0 |
BOTTOM OF THE 3RD |
Arizona State Sun Devils batting - Pitching for West Virginia Mountaineers : RHP Jim Rawnsley
|
Batting: RHB Matt Tucker
|
0-0: Ball 1-0: SINGLE (Groundball, 6MD)
|
Batting: LHB Millard Adams
|
0-0: Ball 1-0: Ball 2-0: SINGLE (Groundball, 23) (infield hit) Matt Tucker to second
|
Batting: RHB Cory Hester
|
0-0: Swinging Strike 0-1: Foul Ball, location: 2F 0-2: Foul Ball, location: 2F 0-2: Ball 1-2: Ball 2-2: Strikes out swinging
|
Batting: RHB Edmund Swanson
|
0-0: Ball 1-0: Ball 2-0: Ball 3-0: Base on Balls Matt Tucker to third Millard Adams to second
|
Batting: RHB Roger Rush
|
0-0: Fly out, F9 (Flyball, 89M) Runner from 3rd tags up, SCORES, no throw
|
Batting: RHB Ryan Conway
|
0-0: Swinging Strike 0-1: Swinging Strike 0-2: Foul Ball, location: 2F 0-2: Ball 1-2: Fly out, F8 (Line Drive, 8RM)
|
Bottom of the 3rd over - 1 run(s), 2 hit(s), 0 error(s), 2 left on base; West Virginia 8 - Arizona State 1 |
TOP OF THE 4TH |
West Virginia Mountaineers batting - Pitching for Arizona State Sun Devils : RHP Jeffery Dillon
|
Batting: RHB José Vázquez
|
0-0: Ground out 1-3 (Groundball, 15S)
|
Batting: RHB Gary Stephenson
|
0-0: Called Strike 0-1: Foul Ball, location: 2F 0-2: Foul Ball, location: 2F 0-2: Strikes out swinging
|
Batting: RHB Howard Gould
|
0-0: Ball 1-0: Called Strike 1-1: SINGLE (Line Drive, 6D)
|
Batting: RHB Greg Smith
|
0-0: Called Strike Howard Gould steals 2nd base 0-1: Ball 1-1: Called Strike 1-2: Strikes out swinging
|
Top of the 4th over - 0 run(s), 1 hit(s), 0 error(s), 1 left on base; West Virginia 8 - Arizona State 1 |
BOTTOM OF THE 4TH |
Arizona State Sun Devils batting - Pitching for West Virginia Mountaineers : RHP Jim Rawnsley
|
Batting: RHB Carlos García
|
0-0: Foul Ball, location: 2F 0-1: SINGLE (Line Drive, 4M)
|
Batting: SHB Leonardo González
|
0-0: Ball 1-0: Ball 2-0: DOUBLE (Line Drive, 8RM) Carlos García to third
|
Batting: RHB Bob Bennett
|
0-0: Ball 1-0: Swinging Strike 1-1: Foul Ball, location: 2F 1-2: Strikes out swinging
|
Batting: RHB Matt Tucker
|
0-0: Ball 1-0: Ball 2-0: Called Strike 2-1: Foul Ball, location: 2F 2-2: SINGLE (Line Drive, 9LS) Carlos García scores Leonardo González to third Runner from 3rd tries for Home, SAFE, throw made home Matt Tucker to second
|
Batting: LHB Millard Adams
|
0-0: Ball 1-0: Ground out U3 (Groundball, 3S) Matt Tucker to third
|
Batting: RHB Cory Hester
|
0-0: Called Strike 0-1: Ball 1-1: Ball 2-1: Ground out 1-3 (Groundball, 13S)
|
Bottom of the 4th over - 2 run(s), 3 hit(s), 0 error(s), 1 left on base; West Virginia 8 - Arizona State 3 |
TOP OF THE 5TH |
West Virginia Mountaineers batting - Pitching for Arizona State Sun Devils : RHP Jeffery Dillon
|
Batting: SHB Jonathan Woodard
|
0-0: Swinging Strike 0-1: Foul Ball, location: 2F 0-2: Fly out, F4 (Line Drive, 4)
|
Batting: RHB Jim Williams
|
0-0: Called Strike 0-1: Ball 1-1: Called Strike 1-2: Foul Ball, location: 2F 1-2: Strikes out swinging
|
Batting: RHB Alfonso Flores
|
0-0: Called Strike 0-1: Called Strike 0-2: Ball 1-2: Strikes out swinging
|
Top of the 5th over - 0 run(s), 0 hit(s), 0 error(s), 0 left on base; West Virginia 8 - Arizona State 3 |
BOTTOM OF THE 5TH |
Arizona State Sun Devils batting - Pitching for West Virginia Mountaineers : RHP Jim Rawnsley
|
Batting: RHB Edmund Swanson
|
0-0: Ball 1-0: Ball 2-0: Called Strike 2-1: DOUBLE (Flyball, 7D)
|
Pitching: RHP John Jones
|
|
Batting: RHB Roger Rush
|
0-0: Ball 1-0: Ball 2-0: Called Strike 2-1: Foul Ball, location: 2F 2-2: SINGLE (Flyball, 89S) Edmund Swanson to third
|
Batting: RHB Ryan Conway
|
0-0: Foul Ball, location: 2F 0-1: Foul Ball, location: 2F 0-2: Strikes out swinging
|
Batting: RHB Carlos García
|
0-0: Fly out, F9 (Flyball, 9LM) Runner from 3rd tags up, SCORES, throw made
|
Batting: SHB Leonardo González
|
0-0: Foul Ball, location: 2F 0-1: Foul Ball, location: 2F 0-2: Ball 1-2: Ball 2-2: Ground out 4-3 (Groundball, 4)
|
Bottom of the 5th over - 1 run(s), 2 hit(s), 0 error(s), 1 left on base; West Virginia 8 - Arizona State 4 |
TOP OF THE 6TH |
West Virginia Mountaineers batting - Pitching for Arizona State Sun Devils : RHP Jeffery Dillon
|
Batting: RHB Víctor León
|
0-0: Ball 1-0: Fly out, F6 (Line Drive, 6)
|
Batting: LHB Paco Córdova
|
0-0: Fly out, F8 (Flyball, 8RM)
|
Batting: RHB José Vázquez
|
0-0: Ball 1-0: Ball 2-0: Ball 3-0: Called Strike 3-1: Base on Balls
|
Batting: RHB Gary Stephenson
|
0-0: Ball 1-0: Ball 2-0: Ball 3-0: Called Strike 3-1: Base on Balls José Vázquez to second
|
Batting: RHB Howard Gould
|
0-0: Ball 1-0: Foul Ball, location: 2F 1-1: Ball 2-1: Foul Ball, location: 2F 2-2: Ball 3-2: Base on Balls José Vázquez to third Gary Stephenson to second
|
Pitching: RHP Ken Ham
|
|
Batting: RHB Greg Smith
|
0-0: Fly out, F8 (Flyball, 8LM)
|
Top of the 6th over - 0 run(s), 0 hit(s), 0 error(s), 3 left on base; West Virginia 8 - Arizona State 4 |
BOTTOM OF THE 6TH |
Arizona State Sun Devils batting - Pitching for West Virginia Mountaineers : RHP John Jones
|
Batting: RHB Bob Bennett
|
0-0: Ball 1-0: Ball 2-0: Called Strike 2-1: Ball 3-1: Foul Ball, location: 2F 3-2: Fly out, F8 (Flyball, 8LM)
|
Batting: RHB Matt Tucker
|
0-0: Called Strike 0-1: Ground out 4-3 (Groundball, 4)
|
Batting: LHB Millard Adams
|
0-0: Foul Ball, location: 2F 0-1: Ball 1-1: SINGLE (Line Drive, 4M)
|
Batting: RHB Cory Hester
|
0-0: Called Strike 0-1: Ball 1-1: Foul Ball, location: 2F 1-2: Foul Ball, location: 2F 1-2: Ball 2-2: Ball 3-2: Foul Ball, location: 2F 3-2: Foul Ball, location: 2F 3-2: Base on Balls Millard Adams to second
|
Batting: RHB Edmund Swanson
|
0-0: Ball 1-0: Fly out, F4 (Popup, 9LS)
|
Bottom of the 6th over - 0 run(s), 1 hit(s), 0 error(s), 2 left on base; West Virginia 8 - Arizona State 4 |
TOP OF THE 7TH |
West Virginia Mountaineers batting - Pitching for Arizona State Sun Devils : RHP Ken Ham
|
Batting: SHB Jonathan Woodard
|
0-0: Ball 1-0: Foul Ball, location: 2F 1-1: Ground out 3-1 (Groundball, 34)
|
Batting: RHB Jim Williams
|
0-0: Foul Ball, location: 2F 0-1: Swinging Strike 0-2: Ball 1-2: Strikes out swinging
|
Batting: RHB Alfonso Flores
|
0-0: Ball 1-0: Ball 2-0: Foul Ball, location: 2F 2-1: Swinging Strike 2-2: Strikes out swinging
|
Top of the 7th over - 0 run(s), 0 hit(s), 0 error(s), 0 left on base; West Virginia 8 - Arizona State 4 |
BOTTOM OF THE 7TH |
Arizona State Sun Devils batting - Pitching for West Virginia Mountaineers : RHP John Jones
|
Pitching: LHP José López
|
|
Batting: RHB Roger Rush
|
0-0: Swinging Strike 0-1: Ball 1-1: Foul Ball, location: 2F 1-2: Ball 2-2: Strikes out swinging
|
Batting: RHB Ryan Conway
|
0-0: Ball 1-0: Ball 2-0: Ball 3-0: Base on Balls
|
Batting: RHB Carlos García
|
0-0: Ball 1-0: Ball 2-0: Fly out, F4 (Popup, 3D)
|
Batting: SHB Leonardo González
|
0-0: Swinging Strike 0-1: Ball 1-1: Called Strike 1-2: Strikes out swinging
|
Bottom of the 7th over - 0 run(s), 0 hit(s), 0 error(s), 1 left on base; West Virginia 8 - Arizona State 4 |
TOP OF THE 8TH |
West Virginia Mountaineers batting - Pitching for Arizona State Sun Devils : LHP Michael Clark
|
Pitching: LHP Michael Clark
|
|
Batting: RHB Víctor León
|
0-0: Called Strike 0-1: Ball 1-1: Foul Ball, location: 2F 1-2: Strikes out looking
|
Batting: LHB Paco Córdova
|
0-0: DOUBLE (Line Drive, 7LS)
|
Batting: RHB José Vázquez
|
0-0: Called Strike 0-1: Ball 1-1: Ball 2-1: Ball 3-1: Base on Balls
|
Batting: RHB Gary Stephenson
|
0-0: Ball 1-0: Called Strike 1-1: Ball 2-1: Ball 3-1: Called Strike 3-2: Grounds into double play, 5-4-3 (Groundball, 5)
|
Top of the 8th over - 0 run(s), 1 hit(s), 0 error(s), 1 left on base; West Virginia 8 - Arizona State 4 |
BOTTOM OF THE 8TH |
Arizona State Sun Devils batting - Pitching for West Virginia Mountaineers : LHP José López
|
Batting: RHB Bob Bennett
|
0-0: Ball 1-0: Ball 2-0: Foul Ball, location: 2F 2-1: Ball 3-1: Called Strike 3-2: Foul Ball, location: 2F 3-2: Base on Balls
|
Batting: RHB Matt Tucker
|
0-0: Called Strike 0-1: Foul Ball, location: 2F 0-2: Strikes out swinging
|
Batting: LHB Millard Adams
|
0-0: Ball 1-0: Called Strike 1-1: Foul Ball, location: 2F 1-2: Strikes out swinging
|
Batting: RHB Cory Hester
|
0-0: Ball 1-0: Swinging Strike 1-1: Ball 2-1: SINGLE (Line Drive, 7S) Bob Bennett to second
|
Pitching: RHP Daniel Sheppard
|
|
Batting: RHB Edmund Swanson
|
0-0: Called Strike 0-1: Ball 1-1: Ball 2-1: Ball 3-1: SINGLE (Line Drive, 78M) Bob Bennett to third Cory Hester to second
|
Batting: RHB Roger Rush
|
0-0: SINGLE (Groundball, 34) Bob Bennett scores Cory Hester to third Edmund Swanson to second Runner from 3rd tries for Home, SAFE, no throw or cutoff
|
Batting: RHB Ryan Conway
|
0-0: Foul Ball, location: 2F 0-1: Ball 1-1: Ball 2-1: Ball 3-1: Base on Balls Edmund Swanson to third Roger Rush to second
|
Batting: RHB Carlos García
|
0-0: Called Strike 0-1: Fly out, F8 (Flyball, 8LS)
|
Bottom of the 8th over - 2 run(s), 3 hit(s), 0 error(s), 3 left on base; West Virginia 8 - Arizona State 6 |
TOP OF THE 9TH |
West Virginia Mountaineers batting - Pitching for Arizona State Sun Devils : LHP Michael Clark
|
Batting: RHB Howard Gould
|
0-0: Foul Ball, location: 2F 0-1: Ball 1-1: Ball 2-1: DOUBLE (Flyball, 7LS)
|
Batting: RHB Greg Smith
|
0-0: Called Strike 0-1: Foul Ball, location: 2F 0-2: Ball 1-2: Strikes out looking
|
Batting: SHB Jonathan Woodard
|
0-0: Ball 1-0: Swinging Strike 1-1: Ground out 5-3 (Groundball, 56S) Howard Gould to third
|
Batting: RHB Jim Williams
|
0-0: Swinging Strike 0-1: Ball 1-1: Ball 2-1: Ball 3-1: Base on Balls Steal of home, Howard Gould is out
|
Top of the 9th over - 0 run(s), 1 hit(s), 0 error(s), 1 left on base; West Virginia 8 - Arizona State 6 |
BOTTOM OF THE 9TH |
Arizona State Sun Devils batting - Pitching for West Virginia Mountaineers : RHP Daniel Sheppard
|
Pitching: RHP Cameron Zimmerman
|
|
Batting: SHB Leonardo González
|
0-0: Called Strike 0-1: Ball 1-1: Fly out, F9 (Flyball, 9M)
|
Batting: RHB Bob Bennett
|
0-0: SINGLE (Groundball, 34)
|
Batting: RHB Matt Tucker
|
0-0: Fielders Choice at 2nd, 4-6 (Groundball, 4)
|
Batting: LHB Millard Adams
|
0-0: Swinging Strike 0-1: Swinging Strike 0-2: Strikes out swinging
|
Bottom of the 9th over - 0 run(s), 1 hit(s), 0 error(s), 1 left on base; West Virginia 8 - Arizona State 6 |
|